 Dungeon Crawl Stone Soup version 0.24-a0-249-g2af7e83 (webtiles) character file.

Game seed: 6423524991940298260

10185 shukka the Thaumaturge (level 11, -8/84 HPs)
             Began as a Mummy Wizard on Apr 13, 2019.
             Was an Initiate of Gozag.
             Killed from afar by an orc sorcerer (28 damage)
             ... with a bolt of fire
             ... led by an orc warlord
             ... on level 2 of the Orcish Mines on Apr 14, 2019.
             The game lasted 03:07:23 (17942 turns).

shukka the Thaumaturge (Mummy Wizard)              Turns: 17942, Time: 03:07:24

Health: -8/84      AC: 11    Str: 12    XL:     11   Next: 32%
Magic:  8/26       EV: 12    Int: 20    God:    Gozag
Gold:   1541       SH:  0    Dex: 10    Spells: 2/33 levels left

rFire    x . .     SeeInvis .   s - +4 halberd
rCold    + . .     Gourm    .   (shield currently unavailable)
rNeg     + + +     Faith    .   j - +2 robe {MR+}
rPois    ∞         Spirit   .   F - +2 helmet
rElec    .         Reflect  .   o - +2 cloak
rCorr    .         Harm     .   (no gloves)
MR       +++..                  (no boots)
Stlth    ++........             x - amulet of magic regeneration
HPRegen  0.24/turn              q - ring of wizardry
MPRegen  0.45/turn              h - ring of protection from magic

@: gold aura
A: no food or potions, fire vulnerability, cold resistance 1, negative energy
resistance 3, torment resistance, unbreathing
a: Potion Petition, Call Merchant, Bribe Branch, Renounce Religion


You were on level 2 of the Orcish Mines.
You worshipped Gozag.
Gozag was most pleased with you.
You were not hungry.

You visited 3 branches of the dungeon, and saw 14 of its levels.

You collected 2293 gold pieces.
You spent 200 gold pieces at shops.
You paid 552 gold pieces to Gozag.

Inventory:

Hand Weapons
 m - a +4 flail of protection
 s - a +4 halberd (weapon)
 y - the +6 mace "Idoan" {pain, +Inv Dex+3}
   (You found it on level 9 of the Dungeon)

   In the hands of one skilled in necromantic magic, it inflicts extra damage on
   living creatures.
   It affects your dexterity (+3).
   It lets you turn invisible.
Missiles
 d - 15 tomahawks
 l - 3 exploding tomahawks (quivered)
Armour
 j - a +2 robe of magic resistance (worn)
 o - a +2 cloak (worn)
 F - a +2 helmet (worn)
Magical Staves
 g - an uncursed staff of summoning
Jewellery
 f - an uncursed ring of stealth
 h - a ring of protection from magic (right hand)
 q - a ring of wizardry (left hand)
 u - an uncursed ring of see invisible
 x - an amulet of magic regeneration (around neck)
Wands
 a - a wand of random effects (22)
 i - a wand of acid (7)
 p - a wand of digging (12)
 v - a wand of flame (28)
 A - a wand of clouds (4)
 B - a wand of iceblast (10)
 D - a wand of paralysis (8)
Scrolls
 b - 4 scrolls of immolation
 c - 9 scrolls of remove curse
 e - 5 scrolls of magic mapping
 k - 3 scrolls of fear
 n - a scroll of teleportation
 r - a scroll of identify
 t - a scroll of amnesia
 w - a scroll of torment


   Skills:
 + Level 7.4 Fighting
 - Level 2.0 Polearms
 + Level 6.1 Armour
 - Level 1.5 Dodging
 - Level 1.5 Stealth
 + Level 11.5 Spellcasting
 - Level 3.3 Conjurations
 + Level 6.9 Hexes
 - Level 0.7 Summonings
 - Level 0.7 Translocations
 - Level 2.8 Fire Magic
 - Level 2.8 Air Magic
 - Level 2.8 Poison Magic


You had 2 spell levels left.
You knew the following spells:

 Your Spells              Type           Power        Failure   Level  Hunger
a - Ignite Poison         Fire/Tmut/Pois ###.....     3%          3    N/A
b - Call Imp              Summ           ##......     2%          2    N/A
c - Blink                 Tloc           N/A          2%          2    N/A
d - Mephitic Cloud        Conj/Pois/Air  ###.....     2%          3    N/A
e - Conjure Flame         Conj/Fire      ###.....     1%          3    N/A
f - Passwall              Tmut/Erth      ##......     3%          2    N/A
g - Invisibility          Hex            #####...     21%         6    N/A
h - Swiftness             Chrm/Air       ###.....     1%          2    N/A
i - Slow                  Hex            #####...     1%          2    N/A
j - Corona                Hex            #####..      1%          1    N/A
k - Stone Arrow           Conj/Erth      ###...       3%          3    N/A
l - Poisonous Vapours     Pois/Air       ###...       1%          2    N/A

Your spell library contained the following spells:

 Spells                   Type           Power        Failure   Level  Hunger
 Magic Dart               Conj           ####         1%          1    N/A
 Sting                    Conj/Pois      ###.         1%          1    N/A
 Ensorcelled Hibernation  Hex/Ice        ####..       1%          2    N/A
 Sandblast                Erth           ##....       2%          1    N/A
 Confuse                  Hex            #####...     1%          3    N/A
 Dazzling Spray           Conj/Hex       ####..       1%          3    N/A
 Tukima's Dance           Hex            #####...     1%          3    N/A
 Olgreb's Toxic Radiance  Pois           ###.....     8%          4    N/A
 Passage of Golubria      Tloc           N/A          17%         4    N/A
 Fireball                 Conj/Fire      ###.......   17%         5    N/A
 Venom Bolt               Conj/Pois      ###.......   17%         5    N/A
 Darkness                 Hex            #####.....   21%         6    N/A
 Petrify                  Tmut/Erth      ##......     24%         4    N/A
 Lee's Rapid Deconstruct  Erth           ##........   52%         5    N/A
 Bolt of Fire             Conj/Fire      ###.......   65%         6    N/A
 Ring of Flames           Chrm/Fire      ###.......   100%        7    N/A
 Ignition                 Fire           ###.......   100%        8    N/A

Dungeon Overview and Level Annotations

Branches:
Dungeon (11/15)            Temple (1/1) D:7             Orc (2/2) D:9
    Elf (0/3) Orc:2
   Lair: D:8-11

Altars:
Cheibriados
Dithmenos
Elyvilon
Fedhas
Gozag
Hepliaklqana
Kikubaaqudgha
Nemelex Xobeh
Okawaru
Qazlal
Ru
Sif Muna
Trog
Uskayaw
Vehumet
Wu Jian
Xom
Zin
The Shining One

Shops:
D:4 *   D:8 ?   D:9 (   D:10 [

Annotations:
D:11 Snorg


Innate Abilities, Weirdness & Mutations

You do not eat or drink.
Your flesh is vulnerable to fire.
You are immune to poison.
Your flesh is cold resistant. (rC+)
You are immune to negative energy. (rN+++)
You are immune to unholy pain and torment.
You can survive without breathing.


Message History

You are engulfed in a cloud of scalding steam.
* * * LOW HITPOINT WARNING * * *
Your crimson imp hits the smoke demon.
The orc sorcerer is engulfed in poison gas.
The orc sorcerer looks even sicker.
The orc sorcerer hits your white imp with a +0 dagger.
The smoke demon misses you. The smoke demon barely misses you.
The smoke demon hits you but does no damage.
Press: ? - help, v - describe, . - travel
Here: a smoke demon (severely wounded, summoned)
The floor.
You are engulfed in a cloud of scalding steam.
Your crimson imp blinks!
The orc sorcerer is engulfed in poison gas.
The orc sorcerer looks as sick as possible!
The orc sorcerer casts a spell at you.
The bolt of fire hits the smoke demon.
The smoke demon resists.
The bolt of fire hits you!! The fire burns you terribly!
You die...
Your body crumbles into a pile of gold.

.#..............#
.#............#..#
......#.#..#.#..#
##.#....#.......# ##
##.#.............## #8.
##...............o.###..
#...##.5#............##'
#.§.#..5#..............
#.§.§@3o......o.#....8
##§§..§$......(........
#.......$#.....(.......
##...............#......
#...#.............#.....
##....#...<.............
##....#...#...#........
#..........^..........#
##....[......#...##....


You could see a smoke demon, an orc sorcerer, a friendly crimson imp and a
friendly white imp.

Vanquished Creatures
  2 orc warlords
  An unseen horror (D:10)
  2 orc sorcerers (Orc:2)
  A troll (Orc:2)
  2 hippogriffs
  2 wargs (Orc:1)
  6 ice beasts
  12 orc warriors
  A black bear (D:7)
  A phantom (D:10)
  4 centaurs
  5 ogres
  3 bullfrogs
  2 killer bees (D:10)
  2 wights (D:9)
  A jelly (D:10)
  A howler monkey (D:5)
  2 crimson imps
  3 hounds
  4 orc priests
  A bullfrog skeleton (D:6)
  An iguana (D:8)
  4 orc wizards
  7 worker ants
  A hound zombie (D:7)
  A hound skeleton (D:10)
  9 gnolls
  5 adders
  2 oozes
  A worm (D:5)
  2 dart slugs
  4 leopard geckos
  22 orcs
  3 giant cockroaches
  2 goblins
  A hobgoblin (D:3)
  3 jackals
  4 kobolds
  2 quokkas
  A ball python (D:1)
  3 bats
  3 frilled lizards
  5 rats
144 creatures vanquished.

Vanquished Creatures (collateral kills)
  An orc sorcerer (Orc:1)
  A cyclops (D:7)
  A troll (Orc:2)
  2 wargs (Orc:1)
  2 ice beasts
  2 orc warriors
  A sky beast (D:8)
  2 phantoms
  6 ogres
  A centaur (D:8)
  2 bullfrogs
  A water moccasin zombie (D:10)
  2 scorpions
  2 killer bees (D:10)
  3 wights (D:9)
  A crimson imp (D:6)
  A quasit (D:10)
  A bullfrog zombie (D:7)
  2 jellies
  4 hounds
  4 orc priests
  A bullfrog skeleton (D:6)
  A centaur skeleton (D:5)
  3 worker ants
  5 orc wizards
  A worker ant zombie (D:8)
  Robin (D:3)
  10 gnolls
  A howler monkey zombie (D:6)
  3 adders
  A shadow imp (D:10)
  An ooze (D:3)
  3 adder skeletons
  2 worms
  2 dart slugs
  3 leopard geckos
  30 orcs
  3 bats
  3 giant cockroaches
  9 goblins
  2 hobgoblins (D:3)
  9 jackals
  2 quokkas
  A ball python (D:7)
  5 kobolds
  4 rats
148 creatures vanquished.

Grand Total: 292 creatures vanquished

Notes
Turn   | Place    | Note
-------+----------+-------------------------------------------
     0 | D:1      | shukka the Mummy Wizard began the quest for the Orb.
     0 | D:1      | Reached XP level 1. HP: 13/13 MP: 5/5
   255 | D:1      | Reached skill level 1 in Conjurations
   458 | D:1      | Reached XP level 2. HP: 20/20 MP: 0/7
   462 | D:1      | Learned a level 2 spell: Call Imp
   465 | D:1      | Learned a level 2 spell: Blink
   626 | D:1      | Reached skill level 1 in Fighting
  1259 | D:2      | Reached XP level 3. HP: 26/26 MP: 1/9
  1264 | D:2      | Learned a level 3 spell: Mephitic Cloud
  1268 | D:2      | Learned a level 3 spell: Conjure Flame
  2254 | D:3      | Reached XP level 4. HP: 20/33 MP: 0/10
  2515 | D:3      | Noticed Robin
  2668 | D:3      | Killed Robin
  2693 | D:3      | Found a blossoming altar of Fedhas.
  2784 | D:3      | Found a blossoming altar of Fedhas.
  3195 | D:3      | Reached skill level 1 in Poison Magic
  3212 | D:4      | Found Asofaon's General Store.
  3273 | D:3      | Reached XP level 5. HP: 38/38 MP: 0/12
  3274 | D:3      | Reached skill level 1 in Fire Magic
  3281 | D:3      | Reached skill level 1 in Air Magic
  3364 | D:3      | Reached skill level 5 in Spellcasting
  3818 | D:4      | Noticed a phantom
  3895 | D:4      | Bought a scroll of identify for 28 gold pieces
  4111 | D:4      | Killed a phantom
  4296 | D:5      | Entered Level 5 of the Dungeon
  4318 | D:5      | Reached XP level 6. HP: 44/44 MP: 6/13
  4522 | D:5      | Noticed an ice beast
  4559 | D:6      | Got an encrusted scale mail
  4609 | D:6      | Identified the +1 scale mail of the Moon {-Tele +Fly rPois
                  | Regen+} (You found it on level 6 of the Dungeon)
  4669 | D:5      | Killed an ice beast
  5000 | D:5      | Reached XP level 7. HP: 50/50 MP: 5/15
  5174 | D:5      | You fall through a shaft for 3 floors!
  5340 | D:8      | Noticed a hippogriff
  5579 | D:8      | Reached skill level 6 in Spellcasting
  5918 | D:8      | Found a glowing silver altar of Zin.
  5919 | D:8      | Found a hide-covered altar of Uskayaw.
  5919 | D:8      | Found an ancient bone altar of Kikubaaqudgha.
  6238 | D:7      | Reached XP level 8. HP: 55/58 MP: 11/17
  6669 | D:6      | Reached skill level 1 in Polearms
  6669 | D:6      | Reached skill level 1 in Armour
  6876 | D:6      | Reached skill level 7 in Spellcasting
  7196 | D:5      | Learned a level 2 spell: Passwall
  7203 | D:5      | Learned a level 6 spell: Invisibility
  7607 | D:7      | Reached skill level 1 in Hexes
  7651 | D:7      | Noticed a cyclops
  7720 | D:7      | Killed a cyclops
  7720 | D:7      | Reached skill level 8 in Spellcasting
  7927 | D:7      | Reached XP level 9. HP: 64/64 MP: 21/21
  7987 | D:7      | Found a staircase to the Ecumenical Temple.
  7994 | Temple   | Entered the Ecumenical Temple
  8099 | Temple   | Became a worshipper of Gozag Ym Sagoz the Greedy
  9085 | D:8      | Found Nuico's Magic Scroll Boutique.
  9240 | D:9      | Found Urafiw's Antique Weapon Emporium.
  9465 | D:9      | Reached skill level 9 in Spellcasting
  9584 | D:9      | Found a staircase to the Orcish Mines.
 10576 | D:9      | Got a warped mace
 10577 | D:9      | Identified the +6 mace "Idoan" {pain, +Inv Dex+3} (You
                  | found it on level 9 of the Dungeon)
 10815 | D:10     | Entered Level 10 of the Dungeon
 11170 | D:10     | Learned a level 2 spell: Swiftness
 11227 | D:10     | Noticed an unseen horror
 11354 | D:10     | Found Unakhle's Antique Armour Emporium.
 11377 | D:10     | Bought a runed helmet for 172 gold pieces
 11947 | Orc:1    | Entered Level 1 of the Orcish Mines
 12351 | D:10     | Reached skill level 5 in Fighting
 12402 | D:10     | Reached XP level 10. HP: 68/74 MP: 23/23
 12527 | D:10     | Noticed a gargoyle
 12822 | D:10     | Learned a level 2 spell: Slow
 12887 | D:10     | Killed an unseen horror
 12887 | D:10     | Reached skill level 10 in Spellcasting
 12887 | D:10     | Reached skill level 5 in Hexes
 13119 | D:10     | Learned a level 1 spell: Corona
 13155 | D:10     | Learned a level 3 spell: Stone Arrow
 13376 | D:11     | Noticed Snorg
 13646 | D:10     | Identified a scroll of acquirement
 13656 | D:10     | Learned a level 3 spell: Ignite Poison
 14075 | Orc:1    | Noticed an orc sorcerer
 14087 | Orc:1    | Killed an orc sorcerer
 14299 | Orc:2    | Entered Level 2 of the Orcish Mines
 14317 | Orc:2    | Found a staircase to the Elven Halls.
 14340 | Orc:2    | Noticed an orc warlord
 15281 | D:9      | Killed an orc warlord
 15281 | D:9      | Reached skill level 5 in Armour
 16017 | Orc:2    | Reached skill level 11 in Spellcasting
 16033 | Orc:2    | Learned a level 2 spell: Poisonous Vapours
 16262 | Orc:2    | Noticed an orc sorcerer
 16267 | Orc:2    | Paralysed by an orc sorcerer for 6 turns
 16280 | Orc:2    | Killed an orc sorcerer
 16373 | Orc:1    | Reached XP level 11. HP: 83/83 MP: 19/26
 16588 | Orc:2    | Noticed an orc sorcerer
 16604 | Orc:2    | HP: 4/83 [orc sorcerer/bolt of fire (37)]
 16605 | Orc:2    | Killed an orc sorcerer
 16870 | Orc:2    | Noticed an orc sorcerer
 17390 | Orc:2    | Noticed an orc warlord
 17487 | Orc:1    | Killed an orc warlord
 17942 | Orc:2    | Killed from afar by an orc sorcerer

Levels and vault maps discovered:
D:1:      moated_graveyard_arrival, layout_loops_ring, minivault_26
D:2:      minmay_angry_zag, layout_rooms, minmay_misc_feat_rugged
D:3:      layout_rooms, lemuel_doored_altar, nicolae_overflow_hidden_temple,
          first_ration, fedhas_altar_1, uniq_robin
D:4:      layout_cave_pools, serial_shops, shop, ebering_dispersal_statue_hall
D:5:      layout_loops_cross
D:6:      minmay_opposing_rooms, layout_basic
D:7:      layout_loops_ring, minmay_temple_entry_fiery
D:8:      layout_basic, minitemple, serial_shops, kennysheep_mini
D:9:      layout_basic, orc_0_dummy, serial_shops, shop
D:10:     layout_irregular_city, serial_shops, nicolae_shop_waterfront
D:11:     layout_cave_pools, dpeg_lair_monsters, gauntlet_entry_generic,
          uniq_snorg, uniq_harold
Temple:   regret_index_temple_generic_petals
Orc:1:    layout_diamond_mine, serial_shops, nicolae_shop_stone
Orc:2:    grunt_orc_community_town_hall, layout_caves,
          grunt_orc_community_big_house_1, grunt_orc_community_big_house_1,
          grunt_orc_community_house_1, grunt_orc_community_house_2,
          grunt_orc_community_house_3, grunt_orc_community_house_1,
          guppyfry_library_mini

Skill      XL: |  1  2  3  4  5  6  7  8  9 10 11 |
---------------+----------------------------------+-----
Conjurations   | 1 2 3 |  3.3
Fighting       | 1 2 3 5 6 7 |  7.4
Poison Magic   | 1 2 |  2.8
Fire Magic     | 1 2 |  2.8
Air Magic      | 1 2 |  2.8
Spellcasting   | 5 6 8 9 11 | 11.5
Polearms       | 1 2 |  2.0
Armour         | 3 4 5 6 |  6.1
Hexes          | 2 4 6 |  6.9
Dodging        | |  1.5
Stealth        | |  1.5
Summonings     | |  0.7
Translocations | |  0.7

Action                   |  1- 3 |  4- 6 |  7- 9 | 10-12 || total
-------------------------+-------+-------+-------+-------++-------
Melee: Short sword       |    36 |       |       |       ||    36
       Spear             |    31 |    51 |       |       ||    82
       Whip              |       |     5 |       |       ||     5
       Halberd           |       |    37 |   410 |   137 ||   584
Throw: Tomahawk          |       |       |     1 |     3 ||     4
 Cast: Magic Dart        |    24 |     3 |    34 |     1 ||    62
       Call Imp          |    36 |    64 |   200 |   157 ||   457
       Conjure Flame     |       |     3 |    23 |    11 ||    37
       Mephitic Cloud    |       |       |    19 |    51 ||    70
       Passwall          |       |       |     2 |     5 ||     7
       Slow              |       |       |       |    31 ||    31
       Poisonous Vapours |       |       |       |    79 ||    79
       Blink             |       |       |       |    25 ||    25
       Corona            |       |       |       |     7 ||     7
       Swiftness         |       |       |       |     6 ||     6
       Stone Arrow       |       |       |       |     3 ||     3
       Ignite Poison     |       |       |       |     1 ||     1
       Invisibility      |       |       |       |     1 ||     1
Invok: Potion Petition   |       |       |     2 |     1 ||     3
  Use: Scroll            |       |       |    16 |     7 ||    23
 Stab: Distracted        |     1 |     3 |     5 |     3 ||    12
       Confused          |       |       |     5 |     4 ||     9
       Sleeping          |       |       |     1 |       ||     1
Armor: Robe              |    14 |     5 |    38 |    33 ||    90
       Leather armour    |       |       |    12 |    68 ||    80
Dodge: Dodged            |    57 |    26 |   192 |   149 ||   424

Table legend:
 A = Non-vault XP
 B = Vault XP
 C = Vault XP percentage of total XP
 D = Non-vault monster count
 E = Vault monster count
 F = Vault count percentage of total count
                 A         B        C        D         E       F
            +---------+---------+-------+---------+---------+-------
      Total |   11404 |    3146 |  21.6 |     251 |      41 |  14.0
            +---------+---------+-------+---------+---------+-------
        D:1 |      33 |       0 |   0.0 |      22 |       0 |   0.0
        D:2 |      17 |      25 |  59.5 |      10 |       8 |  44.4
        D:3 |     138 |      20 |  12.7 |      29 |      10 |  25.6
        D:4 |     139 |       0 |   0.0 |       3 |       0 |   0.0
        D:5 |     546 |       0 |   0.0 |      25 |       0 |   0.0
        D:6 |     373 |     198 |  34.7 |      19 |       7 |  26.9
        D:7 |    1124 |       0 |   0.0 |      19 |       0 |   0.0
        D:8 |    1080 |       0 |   0.0 |      27 |       0 |   0.0
        D:9 |    2572 |       0 |   0.0 |      25 |       0 |   0.0
       D:10 |    2075 |       0 |   0.0 |      29 |       0 |   0.0
      Orc:1 |    1841 |    1860 |  50.3 |      31 |       7 |  18.4
      Orc:2 |    1466 |    1043 |  41.6 |      12 |       9 |  42.9
            +---------+---------+-------+---------+---------+-------
